Avalanche vs Flames

Created - December 20, 2015 at 10:08

Goals
1 2 3 T
Avalanche 0 0 1 1
Flames 3 1 1 5
Shots
1 2 3 T
Avalanche 5 8 7 20
Flames 12 14 13 39

1st period

1. Flames , Bryan Bickell 2 (Anze Kopitar, Jack Johnson) at 6:09
2. Flames , Erik Johnson 8 (Andrej Nestrasil, Anze Kopitar) at 8:41 (PP)
3. Flames , David Perron 7 (Jack Johnson, Antoine Vermette) at 18:53

Penalties :
Nick Holden (COL) for Tripping (Minor) at 7:12, Nick Holden (COL) for Holding (Minor) at 11:51, Bobby Ryan (CGY) for Hooking (Minor) at 19:34

2nd period

4. Flames , Alex Tanguay 19 (Erik Johnson) at 17:37

Penalties :
Antti Raanta (COL) for Slashing (Minor) at 7:50 - Tyson Barrie served the penalty., Antti Raanta (COL) for Slashing (Minor) at 9:31 - Kevin Shattenkirk served the penalty., Erik Johnson (CGY) for Interference (Minor) at 13:10

3rd period

5. Avalanche , Jesper Fast 3 (Matthew Nieto) at 10:37
6. Flames , Antoine Vermette 8 (David Perron, Erik Johnson) at 13:41 (PP)

Penalties :
Luke Schenn (COL) for Hooking (Minor) at 2:19, Jarret Stoll (CGY) for Roughing (Minor) at 8:27, Jason Zucker (COL) for Hooking (Minor) at 13:29, Stephane Robidas (CGY) for Tripping (Minor) at 15:25, Jesper Fast (COL) for Holding (Minor) at 17:33

Goalie Stats

Antti Raanta (COL), 34 saves from 39 shots - (0.872), L, 5-10-2, 60:00 minutes
Ben Bishop (CGY), 19 saves from 20 shots - (0.950), W, 17-10-5, 60:00 minutes

Players Stats for Avalanche

Player Name              G  A  P  +/- PIM S  H  SB GA TA FO     MP     PP MP  PK MP  
------------------------------------------------------------------------------------
Aaron Ekblad             0  0  0   0  0   2  1  3  0  0  0/0    23:59   3:25   5:50 
Anthony Duclair          0  0  0  -2  0   1  1  0  0  0  0/0     8:33   0:00   0:00 
Cody Hodgson             0  0  0   1  0   0  0  0  0  0  2/5     6:51   0:00   0:00 
Derek Stepan             0  0  0   0  0   0  0  0  0  0  17/29  17:53   3:52   0:00 
Elias Lindholm           0  0  0  -1  0   1  1  0  0  0  0/1    11:21   0:00   0:00 
Evander Kane             0  0  0   0  0   1  3  0  0  0  0/0    17:53   3:52   0:00 
Jason Zucker             0  0  0  -1  2   2  1  0  0  0  0/1    15:12   3:52   0:00 
Jesper Fast              1  0  1   1  2   1  0  0  0  0  0/1    11:31   0:00   4:41 
Joffrey Lupul            0  0  0  -2  0   2  1  0  0  0  0/0    13:49   4:04   1:12 
Kevin Shattenkirk        0  0  0  -1  0   1  1  0  0  0  0/0    21:48   4:31   4:43 
Luke Schenn              0  0  0  -1  2   0  2  0  0  0  0/0    13:29   0:00   0:02 
Mats Zuccarello          0  0  0   0  0   2  0  0  0  0  1/2    23:12   4:04   5:07 
Matthew Nieto            0  1  1   1  0   2  0  0  0  0  0/1     7:09   0:00   0:18 
Nick Holden              0  0  0  -1  4   0  2  0  0  0  0/0    14:51   0:00   1:25 
Paul Stastny             0  0  0  -1  0   3  1  0  0  0  11/27  20:32   4:04   5:07 
Rickard Rakell           0  0  0  -2  0   0  2  0  0  0  9/22   14:26   0:00   5:53 
Sami Vatanen             0  0  0  -1  0   1  1  1  0  0  0/0    22:41   4:31   5:36 
Tyson Barrie             0  0  0   0  0   1  2  0  0  0  0/0    23:09   3:25   5:00 

Players Stats for Flames

Player Name              G  A  P  +/- PIM S  H  SB GA TA FO     MP     PP MP  PK MP  
------------------------------------------------------------------------------------
Alex Tanguay             1  0  1   1  0   4  0  0  0  0  0/1    18:21   4:30   1:11 
Andrej Nestrasil         0  1  1   0  0   2  1  0  0  0  1/4    17:30   4:57   2:53 
Andrew MacDonald         0  0  0   0  0   0  0  0  0  0  0/0     0:27   0:27   0:00 
Andrew Miller            0  0  0   0  0   1  0  0  0  0  2/3    15:06   1:00   0:00 
Antoine Vermette         1  1  2   0  0   4  0  2  0  0  15/27  20:21   6:10   1:11 
Anze Kopitar             0  2  2   2  0   3  0  0  0  0  14/24  22:05   4:30   0:35 
Bobby Ryan               0  0  0   1  2   4  5  0  0  0  0/0    21:42   5:20   4:38 
Bryan Bickell            1  0  1   1  0   1  0  0  0  0  0/0     7:48   0:39   0:20 
David Perron             1  1  2   0  0   6  3  0  0  0  0/1    19:10   6:10   0:00 
Erik Johnson             1  2  3   1  2   3  2  0  0  0  0/0    27:07   6:36   2:59 
Jack Johnson             0  2  2   1  0   1  2  1  0  0  0/0    22:15   4:42   3:21 
Jared Spurgeon           0  0  0   0  0   0  0  0  0  0  0/0     0:00   0:00   0:00 
Jarret Stoll             0  0  0   0  2   3  2  0  0  0  12/24  14:53   0:38   5:04 
Justin Faulk             0  0  0   0  0   5  0  0  0  0  0/0    27:26   6:36   4:35 
Kevan Miller             0  0  0   1  0   1  2  0  0  0  0/0    16:10   4:15   1:36 
Matt Cullen              0  0  0   1  0   1  0  0  0  0  5/5    15:06   0:00   0:00 
Stephane Robidas         0  0  0   1  2   0  2  0  0  0  0/0    14:11   0:00   0:00 
Thomas Hickey            0  0  0   0  0   0  0  1  0  0  0/0    12:22   0:00   3:21 

3 Stars

1 - Erik Johnson (CGY)
2 - David Perron (CGY)
3 - Antoine Vermette (CGY)

Power Play

Avalanche - 0 on 4 Attempt(s) - 0.00%
Flames - 2 on 7 Attempt(s) - 28.57%

Penalty Kill

Avalanche - 5 on 7 Attempt(s) - 71.43% - Score 0 goal in Penalty Kill
Flames - 4 on 4 Attempt(s) - 100.00% - Score 0 goal in Penalty Kill

Team Stat

Avalanche - Hits : 19 - Faceoff Wins : 40 - Blocked Shots : 4 - Penalty Minutes : 10
Flames - Hits : 19 - Faceoff Wins : 49 - Blocked Shots : 4 - Penalty Minutes : 8

Official

Referees : TJ Luxmore and Dan O'Halloran
Linesman : Steve Miller and Pierre Champoux

Game Notes

No Game Note

Finance

Level 1 -- Attendance: 6382 (98.18%) -- Ticket Income $702,020
Level 2 -- Attendance: 4997 (99.94%) -- Ticket Income $374,775
Level 3 -- Attendance: 3073 (87.80%) -- Ticket Income $184,380
Level 4 -- Attendance: 2795 (84.98%) -- Ticket Income $111,800
Luxury Box -- Attendance: 968 (96.80%) -- Ticket Income $193,600
Game was played at the Scotiabank Saddledome.
Total Attendance: 18215 (94.43%)
Total Ticket Income: $1,566,575
Other Income: $234,986
Total Income: $1,801,561

% Time on Ice - Avalanche

Lines # - Real PCT - Wanted PCT - Time Play
Normal Forward
1 - 34% - 35% - 14:01
2 - 28% - 30% - 11:21
3 - 21% - 20% - 8:33
4 - 17% - 15% - 6:51
Normal Defense
1 - 31% - 30% - 12:34
2 - 30% - 30% - 12:23
3 - 33% - 30% - 13:28
4 - 6% - 10% - 2:21
PP Forward
1 - 49% - 50% - 3:52
2 - 51% - 50% - 4:04
PP Defense
1 - 57% - 50% - 4:31
2 - 43% - 50% - 3:25
PK Forward
1 - 53% - 50% - 5:53
2 - 47% - 50% - 5:07
PK Defense
1 - 50% - 50% - 5:29
2 - 50% - 50% - 5:31
PK3 Forward
1 - 0% - 50% - 0:00
2 - 100% - 50% - 0:18
PK3 Defense
1 - 0% - 50% - 0:00
2 - 100% - 50% - 0:18
44 Forward
1 - 0% - 50%
2 - 0% - 50%
44 Defense
1 - 0% - 50%
2 - 0% - 50%
Last Minute Offensive  - 0:00
Last Minute Defensive  - 0:00
Total
Forward - 60:00
Defense - 60:00

% Time on Ice - Flames

Lines # - Real PCT - Wanted PCT - Time Play
Normal Forward
1 - 29% - 40% - 11:45
2 - 32% - 30% - 13:00
3 - 23% - 20% - 9:12
4 - 17% - 10% - 6:49
Normal Defense
1 - 40% - 40% - 16:15
2 - 35% - 30% - 14:12
3 - 22% - 20% - 9:01
4 - 3% - 10% - 1:18
PP Forward
1 - 56% - 60% - 6:21
2 - 44% - 40% - 4:57
PP Defense
1 - 62% - 60% - 7:03
2 - 38% - 40% - 4:15
PK Forward
1 - 85% - 60% - 6:45
2 - 15% - 40% - 1:11
PK Defense
1 - 58% - 60% - 4:35
2 - 42% - 40% - 3:21
PK3 Forward
1 - 0% - 60%
2 - 0% - 40%
PK3 Defense
1 - 0% - 60%
2 - 0% - 40%
44 Forward
1 - 0% - 60%
2 - 0% - 40%
44 Defense
1 - 0% - 60%
2 - 0% - 40%
Last Minute Offensive  - 0:00
Last Minute Defensive  - 0:00
Total
Forward - 60:00
Defense - 60:00

Play by Play

1st period


0:01 of 1st period - Anze Kopitar wins face-off versus Derek Stepan in neutral zone.
1:07 of 1st period - Icing by Tyson Barrie.
1:08 of 1st period - Jarret Stoll wins face-off versus Paul Stastny in Avalanche zone.
1:14 of 1st period - Icing by Tyson Barrie.
1:15 of 1st period - Antoine Vermette wins face-off versus Paul Stastny in Avalanche zone.
1:40 of 1st period - Elias Lindholm is hit by David Perron and loses puck.
1:51 of 1st period - Shot by Paul Stastny.
1:51 of 1st period - Shot Blocked by Antoine Vermette.
3:08 of 1st period - Shot by Justin Faulk.
3:08 of 1st period - Shot Misses the Net.
4:24 of 1st period - Shot by Mats Zuccarello.
4:24 of 1st period - Stopped by Ben Bishop without a rebound.
4:25 of 1st period - Jarret Stoll wins face-off versus Derek Stepan in Flames zone.
4:32 of 1st period - Mats Zuccarello is hit by Andrej Nestrasil and loses puck.
4:40 of 1st period - Icing by Aaron Ekblad.
4:41 of 1st period - Jarret Stoll wins face-off versus Derek Stepan in Avalanche zone.
4:54 of 1st period - Shot by Jarret Stoll.
4:54 of 1st period - Shot Misses the Net.
4:58 of 1st period - Shot by Andrej Nestrasil.
4:58 of 1st period - Stopped by Antti Raanta without a rebound.
4:59 of 1st period - Paul Stastny wins face-off versus Antoine Vermette in Avalanche zone.
4:59 of 1st period - Paul Stastny is hit by David Perron.
5:19 of 1st period - Shot by Jason Zucker.
5:19 of 1st period - Shot Hit the Post.
6:00 of 1st period - Bryan Bickell is hit by Sami Vatanen and loses puck.
6:09 of 1st period - Shot by Bryan Bickell.
6:09 of 1st period - Goal by Bryan Bickell - Avalanche : 0 - Flames : 1.
6:10 of 1st period - Anze Kopitar wins face-off versus Derek Stepan in neutral zone.
7:12 of 1st period - Minor Penalty to Nick Holden for Tripping.
7:13 of 1st period - Rickard Rakell wins face-off versus Antoine Vermette in Avalanche zone.
8:11 of 1st period - Shot by Alex Tanguay.
8:11 of 1st period - Stopped by Antti Raanta without a rebound.
8:12 of 1st period - Paul Stastny wins face-off versus Anze Kopitar in Avalanche zone.
8:37 of 1st period - Shot by Andrej Nestrasil.
8:37 of 1st period - Shot Misses the Net.
8:39 of 1st period - Shot by Andrej Nestrasil.
8:39 of 1st period - Shot Blocked by Aaron Ekblad.
8:41 of 1st period - Shot by Erik Johnson.
8:41 of 1st period - Goal by Erik Johnson - Avalanche : 0 - Flames : 2.
8:42 of 1st period - Jarret Stoll wins face-off versus Derek Stepan in neutral zone.
9:01 of 1st period - Shot by Stephane Robidas.
9:01 of 1st period - Shot Misses the Net.
9:03 of 1st period - Shot by Matt Cullen.
9:03 of 1st period - Shot Misses the Net.
9:18 of 1st period - Icing by Luke Schenn.
9:19 of 1st period - Derek Stepan wins face-off versus David Perron in Avalanche zone.
9:21 of 1st period - Icing by Mats Zuccarello.
9:22 of 1st period - Derek Stepan wins face-off versus Antoine Vermette in Avalanche zone.
9:31 of 1st period - Shot by Evander Kane.
9:31 of 1st period - Stopped by Ben Bishop with a rebound.
9:53 of 1st period - Shot by Andrew Miller.
9:53 of 1st period - Stopped by Antti Raanta with a rebound.
10:05 of 1st period - Shot by Elias Lindholm.
10:05 of 1st period - Shot Misses the Net.
10:07 of 1st period - Shot by Paul Stastny.
10:07 of 1st period - Shot Misses the Net.
10:09 of 1st period - Shot by Elias Lindholm.
10:09 of 1st period - Shot Blocked by Antoine Vermette.
10:15 of 1st period - Shot by Paul Stastny.
10:15 of 1st period - Deflect By Jason Zucker.
10:15 of 1st period - Shot Misses the Net.
11:09 of 1st period - Shot by Matthew Nieto.
11:09 of 1st period - Stopped by Ben Bishop without a rebound.
11:10 of 1st period - Rickard Rakell wins face-off versus Anze Kopitar in Flames zone.
11:15 of 1st period - Shot by Joffrey Lupul.
11:15 of 1st period - Shot Misses the Net.
11:17 of 1st period - Shot by Anthony Duclair.
11:17 of 1st period - Stopped by Ben Bishop without a rebound.
11:18 of 1st period - Anze Kopitar wins face-off versus Rickard Rakell in Flames zone.
11:18 of 1st period - Anze Kopitar is hit by Rickard Rakell.
11:51 of 1st period - Minor Penalty to Nick Holden for Holding.
11:52 of 1st period - Anze Kopitar wins face-off versus Paul Stastny in Avalanche zone.
11:52 of 1st period - Alex Tanguay is hit by Aaron Ekblad and loses puck.
13:39 of 1st period - Off-side.
13:40 of 1st period - Andrew Miller wins face-off versus Rickard Rakell in neutral zone.
14:18 of 1st period - Off-side.
14:19 of 1st period - Antoine Vermette wins face-off versus Derek Stepan in neutral zone.
14:21 of 1st period - Off-side.
14:22 of 1st period - Derek Stepan wins face-off versus Jarret Stoll in neutral zone.
14:28 of 1st period - Icing by Erik Johnson.
14:29 of 1st period - Derek Stepan wins face-off versus Jarret Stoll in Flames zone.
15:01 of 1st period - Shot by Jarret Stoll.
15:01 of 1st period - Stopped by Antti Raanta without a rebound.
15:02 of 1st period - Paul Stastny wins face-off versus Anze Kopitar in Avalanche zone.
15:37 of 1st period - Off-side.
15:38 of 1st period - Derek Stepan wins face-off versus Antoine Vermette in neutral zone.
16:16 of 1st period - Shot by Mats Zuccarello.
16:16 of 1st period - Stopped by Ben Bishop without a rebound.
16:17 of 1st period - Anze Kopitar wins face-off versus Rickard Rakell in Flames zone.
16:17 of 1st period - Anze Kopitar is hit by Anthony Duclair.
16:33 of 1st period - Shot by Bobby Ryan.
16:33 of 1st period - Stopped by Antti Raanta without a rebound.
16:34 of 1st period - Cody Hodgson wins face-off versus Jarret Stoll in Avalanche zone.
16:41 of 1st period - Shot by Matthew Nieto.
16:41 of 1st period - Shot Misses the Net.
16:49 of 1st period - Shot by Jarret Stoll.
16:49 of 1st period - Stopped by Antti Raanta without a rebound.
16:50 of 1st period - Anze Kopitar wins face-off versus Derek Stepan in Avalanche zone.
16:59 of 1st period - Shot by Mats Zuccarello.
16:59 of 1st period - Shot Misses the Net.
18:22 of 1st period - Shot by Andrej Nestrasil.
18:22 of 1st period - Stopped by Antti Raanta without a rebound.
18:23 of 1st period - Antoine Vermette wins face-off versus Rickard Rakell in Avalanche zone.
18:24 of 1st period - Shot by David Perron.
18:24 of 1st period - Stopped by Antti Raanta without a rebound.
18:25 of 1st period - Rickard Rakell wins face-off versus Antoine Vermette in Avalanche zone.
18:25 of 1st period - Rickard Rakell is hit by David Perron.
18:53 of 1st period - Shot by David Perron.
18:53 of 1st period - Goal by David Perron - Avalanche : 0 - Flames : 3.
18:54 of 1st period - Derek Stepan wins face-off versus Jarret Stoll in neutral zone.
18:54 of 1st period - Derek Stepan is hit by Jarret Stoll.
18:59 of 1st period - Off-side.
19:00 of 1st period - Jarret Stoll wins face-off versus Cody Hodgson in neutral zone.
19:08 of 1st period - Shot by Erik Johnson.
19:08 of 1st period - Shot Misses the Net.
19:23 of 1st period - Shot by Matt Cullen.
19:23 of 1st period - Stopped by Antti Raanta without a rebound.
19:24 of 1st period - Derek Stepan wins face-off versus Anze Kopitar in Avalanche zone.
19:34 of 1st period - Minor Penalty to Bobby Ryan for Hooking.
19:35 of 1st period - Paul Stastny wins face-off versus Jarret Stoll in Flames zone.
Goals for this period are 0 for Avalanche vs 3 for Flames.
Shots for this period are 5 for Avalanche vs 12 for Flames.

2nd period


0:01 of 2nd period - Derek Stepan wins face-off versus Jarret Stoll in neutral zone.
0:08 of 2nd period - Shot by Tyson Barrie.
0:08 of 2nd period - Stopped by Ben Bishop without a rebound.
0:09 of 2nd period - Derek Stepan wins face-off versus Andrej Nestrasil in Flames zone.
0:48 of 2nd period - Shot by Jarret Stoll.
0:48 of 2nd period - Stopped by Antti Raanta without a rebound.
0:49 of 2nd period - Paul Stastny wins face-off versus Jarret Stoll in Avalanche zone.
1:06 of 2nd period - Shot by Joffrey Lupul.
1:06 of 2nd period - Shot Blocked by Thomas Hickey.
1:53 of 2nd period - Shot by Anze Kopitar.
1:53 of 2nd period - Stopped by Antti Raanta with a rebound.
2:07 of 2nd period - Shot by Bobby Ryan.
2:07 of 2nd period - Stopped by Antti Raanta without a rebound.
2:08 of 2nd period - Antoine Vermette wins face-off versus Paul Stastny in Avalanche zone.
2:15 of 2nd period - Shot by Andrew Miller.
2:15 of 2nd period - Shot Hit the Post.
3:19 of 2nd period - Mats Zuccarello is hit by Erik Johnson and loses puck.
4:21 of 2nd period - Anze Kopitar is hit by Joffrey Lupul and loses puck.
5:07 of 2nd period - Shot by David Perron.
5:07 of 2nd period - Shot Blocked by Aaron Ekblad.
5:19 of 2nd period - Shot by David Perron.
5:19 of 2nd period - Stopped by Antti Raanta without a rebound.
5:20 of 2nd period - Derek Stepan wins face-off versus Antoine Vermette in Avalanche zone.
5:31 of 2nd period - Antoine Vermette is hit by Kevin Shattenkirk and loses puck.
5:48 of 2nd period - Shot by David Perron.
5:48 of 2nd period - Shot Misses the Net.
6:20 of 2nd period - Shot by Bobby Ryan.
6:20 of 2nd period - Stopped by Antti Raanta without a rebound.
6:21 of 2nd period - Paul Stastny wins face-off versus Jarret Stoll in Avalanche zone.
6:39 of 2nd period - Nick Holden is hit by Jack Johnson and loses puck.
6:59 of 2nd period - Jason Zucker is hit by Stephane Robidas.
7:02 of 2nd period - Paul Stastny is hit by Stephane Robidas and loses puck.
7:35 of 2nd period - Shot by Joffrey Lupul.
7:35 of 2nd period - Stopped by Ben Bishop without a rebound.
7:36 of 2nd period - Matt Cullen wins face-off versus Jesper Fast in Flames zone.
7:50 of 2nd period - Shot by Anze Kopitar.
7:50 of 2nd period - Stopped by Antti Raanta without a rebound.
7:50 of 2nd period - Minor Penalty to Antti Raanta for Slashing.
7:51 of 2nd period - Antoine Vermette wins face-off versus Rickard Rakell in Avalanche zone.
8:25 of 2nd period - Off-side.
8:26 of 2nd period - Rickard Rakell wins face-off versus Andrej Nestrasil in neutral zone.
9:25 of 2nd period - Shot by Bobby Ryan.
9:25 of 2nd period - Shot Misses the Net.
9:27 of 2nd period - Shot by Justin Faulk.
9:27 of 2nd period - Shot Misses the Net.
9:29 of 2nd period - Shot by Bobby Ryan.
9:29 of 2nd period - Shot Misses the Net.
9:31 of 2nd period - Shot by Justin Faulk.
9:31 of 2nd period - Deflect By David Perron.
9:31 of 2nd period - Stopped by Antti Raanta without a rebound.
9:31 of 2nd period - Minor Penalty to Antti Raanta for Slashing.
9:32 of 2nd period - Antoine Vermette wins face-off versus Matthew Nieto in Avalanche zone.
9:39 of 2nd period - Shot by Antoine Vermette.
9:39 of 2nd period - Shot Blocked by Sami Vatanen.
9:41 of 2nd period - Shot by Justin Faulk.
9:41 of 2nd period - Stopped by Antti Raanta with a rebound.
11:07 of 2nd period - Shot by Erik Johnson.
11:07 of 2nd period - Stopped by Antti Raanta with a rebound.
11:09 of 2nd period - Shot by Justin Faulk.
11:09 of 2nd period - Stopped by Antti Raanta without a rebound.
11:10 of 2nd period - Anze Kopitar wins face-off versus Rickard Rakell in Avalanche zone.
11:29 of 2nd period - Shot by Alex Tanguay.
11:29 of 2nd period - Shot Misses the Net.
11:52 of 2nd period - Icing by Jack Johnson.
11:53 of 2nd period - Matt Cullen wins face-off versus Rickard Rakell in Flames zone.
11:53 of 2nd period - Matt Cullen is hit by Rickard Rakell.
12:41 of 2nd period - Shot by David Perron.
12:41 of 2nd period - Stopped by Antti Raanta without a rebound.
12:42 of 2nd period - Jarret Stoll wins face-off versus Elias Lindholm in Avalanche zone.
13:05 of 2nd period - Shot by Elias Lindholm.
13:05 of 2nd period - Stopped by Ben Bishop without a rebound.
13:06 of 2nd period - Mats Zuccarello wins face-off versus Antoine Vermette in Flames zone.
13:10 of 2nd period - Minor Penalty to Erik Johnson for Interference.
13:11 of 2nd period - Jarret Stoll wins face-off versus Paul Stastny in Flames zone.
13:32 of 2nd period - Shot by Sami Vatanen.
13:32 of 2nd period - Shot Misses the Net.
13:34 of 2nd period - Shot by Joffrey Lupul.
13:34 of 2nd period - Stopped by Ben Bishop with a rebound.
13:36 of 2nd period - Shot by Paul Stastny.
13:36 of 2nd period - Shot Misses the Net.
13:38 of 2nd period - Shot by Sami Vatanen.
13:38 of 2nd period - Stopped by Ben Bishop without a rebound.
13:39 of 2nd period - Jarret Stoll wins face-off versus Derek Stepan in Flames zone.
13:58 of 2nd period - Icing by Evander Kane.
13:59 of 2nd period - Derek Stepan wins face-off versus Jarret Stoll in Avalanche zone.
14:06 of 2nd period - Shot by Aaron Ekblad.
14:06 of 2nd period - Stopped by Ben Bishop without a rebound.
14:07 of 2nd period - Paul Stastny wins face-off versus Jarret Stoll in Flames zone.
14:07 of 2nd period - Paul Stastny is hit by Kevan Miller.
15:09 of 2nd period - Shot by Jason Zucker.
15:09 of 2nd period - Stopped by Ben Bishop without a rebound.
15:10 of 2nd period - Antoine Vermette wins face-off versus Cody Hodgson in Flames zone.
15:29 of 2nd period - Shot by Matthew Nieto.
15:29 of 2nd period - Stopped by Ben Bishop without a rebound.
15:30 of 2nd period - Matt Cullen wins face-off versus Paul Stastny in Flames zone.
15:30 of 2nd period - Matt Cullen is hit by Elias Lindholm.
16:27 of 2nd period - Icing by Jack Johnson.
16:28 of 2nd period - Derek Stepan wins face-off versus Antoine Vermette in Flames zone.
16:28 of 2nd period - Kevin Shattenkirk is hit by Jack Johnson and loses puck.
16:55 of 2nd period - Shot by Antoine Vermette.
16:55 of 2nd period - Shot Misses the Net.
17:28 of 2nd period - Icing by Nick Holden.
17:29 of 2nd period - Rickard Rakell wins face-off versus Anze Kopitar in Avalanche zone.
17:29 of 2nd period - Rickard Rakell is hit by Bobby Ryan.
17:37 of 2nd period - Shot by Alex Tanguay.
17:37 of 2nd period - Goal by Alex Tanguay - Avalanche : 0 - Flames : 4.
17:38 of 2nd period - Cody Hodgson wins face-off versus Anze Kopitar in neutral zone.
18:49 of 2nd period - Thomas Hickey is hit by Evander Kane and loses puck.
19:39 of 2nd period - Shot by Antoine Vermette.
19:39 of 2nd period - Stopped by Antti Raanta with a rebound.
19:41 of 2nd period - Shot by David Perron.
19:41 of 2nd period - Stopped by Antti Raanta without a rebound.
19:42 of 2nd period - Anze Kopitar wins face-off versus Rickard Rakell in Avalanche zone.
Goals for this period are 0 for Avalanche vs 1 for Flames.
Shots for this period are 8 for Avalanche vs 14 for Flames.

3rd period


0:01 of 3rd period - Derek Stepan wins face-off versus Anze Kopitar in neutral zone.
0:01 of 3rd period - Mats Zuccarello is hit by Bobby Ryan and loses puck.
0:35 of 3rd period - Shot by Justin Faulk.
0:35 of 3rd period - Shot Misses the Net.
0:37 of 3rd period - Shot by Anze Kopitar.
0:37 of 3rd period - Stopped by Antti Raanta without a rebound.
0:38 of 3rd period - Antoine Vermette wins face-off versus Paul Stastny in Avalanche zone.
0:42 of 3rd period - Andrew Miller is hit by Tyson Barrie and loses puck.
1:03 of 3rd period - Shot by Jason Zucker.
1:03 of 3rd period - Deflect By Paul Stastny.
1:03 of 3rd period - Stopped by Ben Bishop with a rebound.
1:46 of 3rd period - Justin Faulk is hit by Luke Schenn and loses puck.
2:19 of 3rd period - Minor Penalty to Luke Schenn for Hooking.
2:20 of 3rd period - Anze Kopitar wins face-off versus Paul Stastny in Avalanche zone.
2:23 of 3rd period - Shot by Alex Tanguay.
2:23 of 3rd period - Stopped by Antti Raanta without a rebound.
2:24 of 3rd period - Antoine Vermette wins face-off versus Paul Stastny in Avalanche zone.
2:35 of 3rd period - Shot by David Perron.
2:35 of 3rd period - Deflect By Antoine Vermette.
2:35 of 3rd period - Stopped by Antti Raanta without a rebound.
2:36 of 3rd period - Anze Kopitar wins face-off versus Paul Stastny in Avalanche zone.
2:41 of 3rd period - Shot by Justin Faulk.
2:41 of 3rd period - Stopped by Antti Raanta without a rebound.
2:42 of 3rd period - Antoine Vermette wins face-off versus Paul Stastny in Avalanche zone.
2:43 of 3rd period - Shot by Bobby Ryan.
2:43 of 3rd period - Stopped by Antti Raanta without a rebound.
2:44 of 3rd period - Antoine Vermette wins face-off versus Rickard Rakell in Avalanche zone.
2:58 of 3rd period - Icing by Bobby Ryan.
2:59 of 3rd period - Antoine Vermette wins face-off versus Rickard Rakell in Flames zone.
3:04 of 3rd period - Shot by David Perron.
3:04 of 3rd period - Shot Blocked by Aaron Ekblad.
3:06 of 3rd period - Shot by Justin Faulk.
3:06 of 3rd period - Stopped by Antti Raanta without a rebound.
3:07 of 3rd period - Anze Kopitar wins face-off versus Mats Zuccarello in Avalanche zone.
3:30 of 3rd period - Icing by Anze Kopitar.
3:31 of 3rd period - Anze Kopitar wins face-off versus Paul Stastny in Flames zone.
3:35 of 3rd period - Off-side.
3:36 of 3rd period - Rickard Rakell wins face-off versus Antoine Vermette in neutral zone.
3:48 of 3rd period - Jesper Fast is hit by Bobby Ryan and loses puck.
3:59 of 3rd period - Shot by Kevan Miller.
3:59 of 3rd period - Shot Misses the Net.
4:01 of 3rd period - Shot by Kevan Miller.
4:01 of 3rd period - Stopped by Antti Raanta without a rebound.
4:02 of 3rd period - Paul Stastny wins face-off versus Anze Kopitar in Avalanche zone.
4:11 of 3rd period - Shot by Erik Johnson.
4:11 of 3rd period - Shot Misses the Net.
4:13 of 3rd period - Shot by Justin Faulk.
4:13 of 3rd period - Stopped by Antti Raanta without a rebound.
4:14 of 3rd period - Paul Stastny wins face-off versus Antoine Vermette in Avalanche zone.
4:26 of 3rd period - Jarret Stoll is hit by Nick Holden and loses puck.
4:50 of 3rd period - Icing by Stephane Robidas.
4:51 of 3rd period - Jarret Stoll wins face-off versus Derek Stepan in Flames zone.
4:51 of 3rd period - Jarret Stoll is hit by Evander Kane.
5:36 of 3rd period - Icing by Justin Faulk.
5:37 of 3rd period - Anze Kopitar wins face-off versus Paul Stastny in Flames zone.
5:53 of 3rd period - Shot by Bobby Ryan.
5:53 of 3rd period - Shot Misses the Net.
6:01 of 3rd period - Shot by Erik Johnson.
6:01 of 3rd period - Stopped by Antti Raanta without a rebound.
6:02 of 3rd period - Rickard Rakell wins face-off versus Antoine Vermette in Avalanche zone.
6:22 of 3rd period - Andrew Miller is hit by Luke Schenn and loses puck.
6:36 of 3rd period - Shot by Antoine Vermette.
6:36 of 3rd period - Stopped by Antti Raanta without a rebound.
6:37 of 3rd period - Derek Stepan wins face-off versus Alex Tanguay in Avalanche zone.
6:50 of 3rd period - Shot by Evander Kane.
6:50 of 3rd period - Shot Misses the Net.
6:52 of 3rd period - Shot by Aaron Ekblad.
6:52 of 3rd period - Stopped by Ben Bishop without a rebound.
6:53 of 3rd period - Paul Stastny wins face-off versus Jarret Stoll in Flames zone.
7:08 of 3rd period - Shot by Jason Zucker.
7:08 of 3rd period - Shot Blocked by Jack Johnson.
7:10 of 3rd period - Shot by Jason Zucker.
7:10 of 3rd period - Stopped by Ben Bishop without a rebound.
7:11 of 3rd period - Derek Stepan wins face-off versus Anze Kopitar in Flames zone.
7:49 of 3rd period - Off-side.
7:50 of 3rd period - Antoine Vermette wins face-off versus Paul Stastny in neutral zone.
8:02 of 3rd period - Shot by Paul Stastny.
8:02 of 3rd period - Stopped by Ben Bishop with a rebound.
8:04 of 3rd period - Shot by Paul Stastny.
8:04 of 3rd period - Stopped by Ben Bishop without a rebound.
8:05 of 3rd period - Rickard Rakell wins face-off versus Jarret Stoll in Flames zone.
8:05 of 3rd period - Luke Schenn is hit by Kevan Miller and loses puck.
8:27 of 3rd period - Minor Penalty to Jarret Stoll for Roughing.
8:28 of 3rd period - Derek Stepan wins face-off versus Andrej Nestrasil in Flames zone.
9:54 of 3rd period - Shot by Kevin Shattenkirk.
9:54 of 3rd period - Stopped by Ben Bishop without a rebound.
9:55 of 3rd period - Andrej Nestrasil wins face-off versus Derek Stepan in Flames zone.
9:55 of 3rd period - Andrej Nestrasil is hit by Evander Kane.
10:17 of 3rd period - Shot by Sami Vatanen.
10:17 of 3rd period - Shot Misses the Net.
10:35 of 3rd period - Shot by Jesper Fast.
10:35 of 3rd period - Shot Misses the Net.
10:37 of 3rd period - Shot by Jesper Fast.
10:37 of 3rd period - Goal by Jesper Fast - Avalanche : 1 - Flames : 4.
10:38 of 3rd period - Matt Cullen wins face-off versus Rickard Rakell in neutral zone.
10:42 of 3rd period - Bryan Bickell is hit by Tyson Barrie and loses puck.
12:09 of 3rd period - Matthew Nieto is hit by Erik Johnson and loses puck.
12:23 of 3rd period - Icing by Evander Kane.
12:24 of 3rd period - Derek Stepan wins face-off versus Andrew Miller in Avalanche zone.
12:24 of 3rd period - Derek Stepan is hit by Bobby Ryan.
13:16 of 3rd period - Icing by Jack Johnson.
13:17 of 3rd period - Andrew Miller wins face-off versus Paul Stastny in Flames zone.
13:17 of 3rd period - Andrew Miller is hit by Paul Stastny.
13:23 of 3rd period - Jason Zucker is hit by Bobby Ryan and loses puck.
13:29 of 3rd period - Minor Penalty to Jason Zucker for Hooking.
13:30 of 3rd period - Antoine Vermette wins face-off versus Rickard Rakell in Avalanche zone.
13:41 of 3rd period - Shot by Antoine Vermette.
13:41 of 3rd period - Goal by Antoine Vermette - Avalanche : 1 - Flames : 5.
13:42 of 3rd period - Jarret Stoll wins face-off versus Jason Zucker in neutral zone.
13:42 of 3rd period - Erik Johnson is hit by Jason Zucker and loses puck.
13:55 of 3rd period - Nick Holden is hit by Jarret Stoll.
13:58 of 3rd period - Off-side.
13:59 of 3rd period - Anze Kopitar wins face-off versus Derek Stepan in neutral zone.
15:25 of 3rd period - Minor Penalty to Stephane Robidas for Tripping.
15:26 of 3rd period - Jarret Stoll wins face-off versus Paul Stastny in Flames zone.
16:26 of 3rd period - Off-side.
16:27 of 3rd period - Jarret Stoll wins face-off versus Derek Stepan in neutral zone.
17:30 of 3rd period - Icing by Thomas Hickey.
17:31 of 3rd period - Matt Cullen wins face-off versus Cody Hodgson in Flames zone.
17:33 of 3rd period - Minor Penalty to Jesper Fast for Holding.
17:34 of 3rd period - Rickard Rakell wins face-off versus Anze Kopitar in Avalanche zone.
18:01 of 3rd period - Shot by Alex Tanguay.
18:01 of 3rd period - Stopped by Antti Raanta with a rebound.
18:03 of 3rd period - Shot by Jack Johnson.
18:03 of 3rd period - Stopped by Antti Raanta without a rebound.
18:04 of 3rd period - Paul Stastny wins face-off versus Antoine Vermette in Avalanche zone.
18:44 of 3rd period - Icing by Antoine Vermette.
18:45 of 3rd period - Antoine Vermette wins face-off versus Rickard Rakell in Flames zone.
19:25 of 3rd period - Shot by Joffrey Lupul.
19:25 of 3rd period - Shot Misses the Net.
19:58 of 3rd period - Jack Johnson is hit by Nick Holden and loses puck.
Goals for this period are 1 for Avalanche vs 1 for Flames.
Shots for this period are 7 for Avalanche vs 13 for Flames.